 Dungeon Crawl Stone Soup version 0.31.0-9-g3a7656b989 (webtiles) character file.

Game seed: 1825476614122156737

17 MacCMillion the Magician (level 2, -2/21 HPs)
             Began as a Djinni Alchemist on Jan 27, 2024.
             Killed by nerve-wracking pain
             ... invoked by Jessica
              (7 damage)
             ... on level 2 of the Dungeon.
             The game lasted 00:01:54 (1439 turns).

MacCMillion the Magician (Djinni Alchemist)         Turns: 1439, Time: 00:01:55

Health: -2/21      AC:  2    Str:  7    XL:     2   Next: 80%
Gold:   29         EV: 12    Int: 16    God:
                   SH:  0    Dex: 13

rFire   + + .        (no weapon)
rCold   x . .        (no shield)
rNeg    . . .        a - +0 robe
rPois   ∞            (no helmet)
rElec   .            (no cloak)
rCorr   .            (no gloves)
SInv    .            (boots unavailable)
Will    .....        (no amulet)
Stlth   ++           (no ring)
HPRegen 0.23/turn    (no ring)
MPRegen 0.00/turn

%: infuse magic (-3 HP)
@: flying
A: sickness immunity, fire resistance 2, cold vulnerability 1, float, innate
caster, HP casting, extra vitality 1
a: no special abilities


You were on level 2 of the Dungeon.
You visited 1 branch of the dungeon, and saw 2 of its levels.

You collected 29 gold pieces.

Inventory:

Armour
 a - a +0 robe (worn)
Scrolls
 c - a scroll of amnesia {unknown}
 e - a scroll of noise {unknown}
Potions
 b - a potion of magic {unknown}
 d - a potion of degeneration {unknown}


   Skills:
 - Level 2.1 Dodging
 + Level 2.2 Stealth
 + Level 3.4 Spellcasting
 + Level 3.4 Conjurations
 + Level 3.4 Hexes
 + Level 3.4 Summonings
 + Level 3.4 Necromancy
 + Level 3.4 Translocations
 + Level 3.4 Fire Magic
 + Level 3.4 Ice Magic
 + Level 3.4 Air Magic
 + Level 3.4 Earth Magic
 + Level 3.4 Alchemy


You knew the following spells:

 Your Spells              Type           Power      Damage    Failure   Level
a - Sting                 Conj/Alch      52%        1d6       4%          1
b - Mercury Vapours       Alch/Air       26%        N/A       7%          2
c - Mephitic Cloud        Conj/Alch/Air  13%        N/A       13%         3
d - Olgreb's Toxic Radia  Alch           13%        N/A       41%         4
e - Sticky Flame          Fire/Alch      13%        2d5       41%         4
Your spell library was empty.

Dungeon Overview and Level Annotations

Branches:
Dungeon (2/15)

Altars:

Annotations:
D:2 Jessica


Innate Abilities, Weirdness & Mutations

You are immune to sickness and miasma.
You are immune to poison.
Your flesh is very heat resistant. (rF++)
You are vulnerable to cold. (rC-)
You float through the air rather than walking.
You learn spells naturally, not from books.
Your magical power is your life essence.
You have superior vitality. (+4 MHP)


Message History

You start waiting.
Done waiting.
There is an open door here.
There is an open door here.
There is a stone staircase leading down here.
You fly downwards.
There is a stone staircase leading up here.
You reach down and open the door.
There is an open door here.
Jessica the Apprentice Sorceress comes into view.
She is wielding a +0 club.
Jessica is nearby!
Jessica is nearby!
Jessica shouts!
You hear a shout!
You miscast Sting.
You are very lightly contaminated with residual magic.
Nothing appears to happen.
Jessica gestures at you while chanting. Pain shoots through your body!
Jessica casts a spell at you. Pain shoots through your body!
* * * LOW HITPOINT WARNING * * *
A hobgoblin comes into view.
Your magical contamination has completely faded away.
There is an open door here.
You reach down and close the door.
Jessica opens the door.
Jessica gestures wildly while chanting.
Jessica seems to speed up.
Jessica attacks as she pursues you! Jessica barely misses you.
Jessica attacks as she pursues you! Jessica barely misses you.
Jessica hits you with a +0 club.
* * * LOW HITPOINT WARNING * * *
Jessica barely misses you. Jessica attacks as she pursues you!
Jessica barely misses you.
Jessica casts a spell.
Jessica blinks!
Jessica mumbles some strange words.
Jessica blinks!
Jessica points at you and mumbles some strange words.
Pain shoots through your body!
You die...

### #.#
#.################
#.....§.g@...@...#
#.##############.#
#.# ###.#######
#.# #.........#
#g# #.#.#####.#
#.# #.#....##.#.
#.# #.#.........
####'##
#.#.#..##...
......#
#.#<.......


You could see Jessica (fast) and a hobgoblin.

Vanquished Creatures
  2 ball pythons
  3 bats
  An endoplasm (D:1)
  A giant cockroach (D:1)
  4 hobgoblins
  A frilled lizard (D:1)
  3 rats
15 creatures vanquished.

Notes
Turn   | Place    | Note
-------+----------+-------------------------------------------
     0 | D:1      | MacCMillion the Djinni Alchemist began the quest for the
                  | Orb.
     0 | D:1      | MacCMillion set off with the following spells memorised:
                  | Sting, Mercury Vapours, Mephitic Cloud, Olgreb's Toxic
                  | Radiance, Sticky Flame.
     0 | D:1      | Reached XP level 1. HP: 15/15 MP: 0/0
   277 | D:1      | Reached XP level 2. HP: 20/21 MP: 0/0
   681 | D:1      | Found a faded altar of an unknown god.
  1410 | D:2      | Noticed Jessica
  1439 | D:2      | Killed from afar by Jessica

Illustrated notes

Levels and vault maps discovered:
D:1:      giann_forest_graveyard, layout_loops_corners,
          dreamdust_ecumenical_altar_grove, hangedman_decor_slide_cut
D:2:      layout_basic, uniq_jessica

Skill      XL: |  1  2 |
---------------+-------+-----
Stealth        | 2 |  2.2
Dodging        | |  2.1
Spellcasting   | |  3.4
Conjurations   | |  3.4
Hexes          | |  3.4
Summonings     | |  3.4
Necromancy     | |  3.4
Translocations | |  3.4
Fire Magic     | |  3.4
Ice Magic      | |  3.4
Air Magic      | |  3.4
Earth Magic    | |  3.4
Alchemy        | |  3.4

Action                     || total
---------------------------++-------
   Cast: Sting             ||    29
 Armour: Robe              ||     6
  Dodge: Dodged            ||     7
